Map: Acid Plant LE

Players

Reynor - Winner!

  • Race: Zerg Zerg
  • Spawn Location: 11:00

SpeCial

  • Race: Terran Terran
  • Spawn Location: 5:00

Event: WESG 2017 Haikou

VOD

Have the link to the VOD?

Description

Time

  • Played on: March 14, 2018, 10:25 p.m.
  • Length: 20:50

All games in this series

Show
View Real Time Build Order
Export as new Build Order

Reynor Zerg - Winner!

Build Orders: Hatch First 

Get SALT Encoding   

  12  0:01  Drone  
  13  0:13  Overlord  
  13  0:17  Drone  
  14  0:31  Drone x2  
  16  0:36  Drone  
  17  0:52  Hatchery  
  17  0:56  Drone  
  17  0:58  Drone  
  18  1:10  Extractor  
  17  1:13  Spawning Pool  
  17  1:17  Drone  
  17  1:20  Drone  
  18  1:29  Drone  
  19  1:39  Overlord  
  19  1:50  Drone  
  20  2:00  Queen  
  23  2:01  Zergling x2  
  23  2:04  Queen  
  23  2:05  Zergling x2  
  26  2:10  Metabolic Boost  
  26  2:14  Drone  
  28  2:15  Drone  
  28  2:23  Drone  
  28  2:27  Drone  
  30  2:36  Drone  
  31  2:37  Queen  
  31  2:43  Overlord  
  31  2:44  Drone  
  34  2:45  Queen  
  36  2:52  Overlord  
  36  3:01  Zergling x4  
  36  3:05  Drone  
  39  3:08  Drone x3  
  42  3:22  Queen  
  42  3:24  Zergling x2  
  45  3:29  Drone x2  
  45  3:31  Drone  
  48  3:36  Overlord  
  48  3:37  Hatchery  
  48  3:39  Drone  
  48  3:40  Drone  
  49  3:43  Drone  
  50  3:51  Drone  
  50  3:52  Drone  
  52  3:56  Queen  
  52  3:57  Overlord  
  52  3:58  Drone x2  
  52  3:59  Drone  
  52  4:01  Drone  
  58  4:07  Drone x2  
  58  4:09  Drone  
  60  4:17  Queen  
  60  4:18  Drone x3  
  60  4:22  Overlord, Zergling x2  
  60  4:23  Zergling x2  
  67  4:25  Drone  
  68  4:33  Evolution Chamber  
  68  4:34  Overlord  
  68  4:35  Drone  
  68  4:36  Evolution Chamber  
  67  4:40  Drone  
  67  4:47  Zergling x2  
  67  4:49  Overlord  
  67  4:52  Zergling x4  
  68  4:53  Zergling x2  
  68  4:56  Drone  
  69  5:04  Zergling x4  
  69  5:05  Zerg Ground Armor Level 1  
  69  5:06  Zerg Melee Weapons Level 1  
  69  5:07  Drone  
  72  5:11  Spore Crawler  
  71  5:18  Drone x3  
  71  5:19  Zergling x2  
  75  5:22  Drone x3  
  75  5:25  Drone  
  75  5:26  Drone  
  74  5:29  Zergling x2  
  74  5:34  Zergling x4  
  70  5:37  Zergling x8  
  67  5:42  Drone  
  67  5:44  Drone  
  67  5:46  Drone  
  67  5:53  Drone  
  67  5:55  Drone  
  71  5:58  Drone  
  71  5:59  Extractor  
  71  6:00  Extractor  
  68  6:07  Drone, Overlord  
  68  6:08  Drone x3  
  68  6:10  Drone  
  73  6:11  Lair, Queen  
  73  6:14  Extractor, Overlord  
  73  6:16  Drone x2  
  73  6:17  Drone x2  
  78  6:21  Drone  
  79  6:28  Zergling x4  
  79  6:31  Drone  
  82  6:37  Drone  
  82  6:39  Baneling Nest  
  81  6:41  Drone x2  
  81  6:42  Extractor, Zergling x6  
  81  6:44  Drone x2  
  81  6:45  Drone  
  88  6:47  Drone x3  
  88  6:52  Zergling x4  
  93  6:56  Hatchery  
  93  6:58  Overlord  
  93  6:59  Zergling x2  
  93  7:02  Queen  
  93  7:03  Extractor  
  93  7:04  Zerg Missile Weapons Level 1  
  93  7:05  Drone  
  95  7:08  Drone x2  
  95  7:11  Zergling x8  
  95  7:12  Hydralisk Den  
  95  7:14  Drone x4  
  104  7:17  Zergling x4  
  104  7:21  Overlord  
  106  7:28  Zergling x4  
  107  7:34  Baneling  
  107  7:35  Baneling x4  
  107  7:36  Zergling x2  
  105  7:39  Zergling x4  
  105  7:40  Zergling x6  
  105  7:41  Queen  
  105  7:42  Zergling x10  
  102  7:46  Zergling x6  
  96  7:53  Zergling x2  
  96  7:58  Zergling x4  
  95  8:02  Zergling x2  
  95  8:05  Hydralisk  
  88  8:07  Muscular Augments  
  88  8:10  Hydralisk x3, Queen x2  
  97  8:14  Baneling x2  
  97  8:15  Hydralisk  
  97  8:16  Zergling x2  
  97  8:17  Baneling x2  
  97  8:18  Drone, Baneling  
  102  8:20  Drone  
  102  8:22  Baneling x3  
  102  8:26  Hydralisk  
  104  8:27  Infestation Pit  
  104  8:29  Hydralisk x2  
  103  8:41  Drone x5  
  105  8:49  Hydralisk x5  
  105  8:51  Drone x2  
  105  8:52  Drone x3  
  105  8:53  Drone  
  121  8:56  Zergling x4  
  123  9:06  Extractor  
  123  9:07  Extractor, Hive  
  123  9:08  Hydralisk x2, Zergling x4  
  127  9:12  Overlord, Zergling x2  
  127  9:13  Drone  
  127  9:16  Overlord  
  126  9:17  Drone  
  126  9:19  Hydralisk  
  124  9:26  Hydralisk  
  124  9:27  Zergling x6  
  124  9:31  Hydralisk  
  127  9:32  Zergling x8  
  127  9:34  Spire  
  127  9:36  Hydralisk x2  
  127  9:37  Zergling x6  
  139  9:39  Zergling x4  
  140  9:46  Drone  
  140  9:47  Drone x2  
  143  9:55  Overlord x2  
  143  9:57  Centrifical Hooks  
  143  9:58  Zerg Ground Armor Level 2  
  143  10:03  Overlord  
  143  10:09  Overlord  
  143  10:14  Hydralisk  
  143  10:15  Hydralisk x2, Zergling x4  
  143  10:16  Zergling x4  
  143  10:17  Hydralisk x2, Zergling x2  
  156  10:21  Hydralisk  
  156  10:22  Zergling x2  
  156  10:27  Hydralisk x2  
  156  10:31  Hydralisk x2  
  156  10:32  Zergling x4  
  156  10:33  Viper  
  156  10:35  Zergling x6  
  167  10:38  Hydralisk  
  167  10:39  Zergling x2  
  159  10:43  Hydralisk  
  159  10:48  Mutalisk  
  159  10:49  Mutalisk x2  
  161  10:56  Hydralisk x2  
  158  11:03  Mutalisk x2  
  157  11:09  Zergling x10  
  157  11:10  Zergling x2  
  164  11:14  Greater Spire  
  157  11:21  Mutalisk  
  147  11:34  Zergling x6  
  147  11:35  Zergling x4  
  147  11:38  Hydralisk x2  
  147  11:39  Zergling x2  
  154  11:42  Hydralisk x2  
  154  11:45  Zergling x4  
  154  11:46  Zergling x4  
  156  11:57  Hatchery  
  156  12:00  Corruptor x3  
  161  12:06  Zergling x4  
  162  12:13  Corruptor x2  
  162  12:14  Zergling x6  
  169  12:20  Overlord  
  169  12:22  Overlord  
  169  12:24  Zergling x2  
  169  12:35  Overlord x2  
  167  12:37  Overlord  
  167  12:43  Overseer  
  165  12:44  Overseer  
  165  12:47  Overlord  
  164  12:54  Brood Lord x2  
  164  12:55  Brood Lord x2  
  172  13:01  Hydralisk, Zergling x16  
  172  13:02  Zergling x2  
  175  13:12  Brood Lord  
  175  13:17  Drone x2  
  177  13:20  Drone  
  177  13:21  Drone x3  
  177  13:26  Hydralisk x3  
  187  13:38  Hydralisk x5  
  194  13:44  Hydralisk x2  
  194  13:45  Zergling x2  
  181  13:54  Hydralisk x2  
  181  13:55  Zergling x8  
  181  14:01  Hydralisk x2, Zergling x2  
  181  14:02  Zergling x4  
  186  14:08  Hydralisk x3  
  186  14:12  Hydralisk  
  186  14:13  Hydralisk  
  186  14:15  Zergling x2  
  187  14:21  Hydralisk x2  
  191  14:25  Hydralisk x2  
  191  14:29  Hydralisk  
  187  14:31  Hydralisk  
  187  14:34  Hydralisk  
  187  14:39  Hydralisk  
  174  14:46  Hydralisk  
  174  14:47  Hydralisk, Zergling x2  
  179  14:55  Hydralisk x2  
  179  14:56  Zergling x6  
  183  15:02  Drone x2  
  183  15:03  Zerg Missile Weapons Level 2  
  183  15:07  Drone x2  
  184  15:09  Drone x2  
  184  15:11  Drone  
  184  15:12  Drone  
  184  15:13  Drone  
  187  15:16  Viper  
  187  15:20  Drone x2  
  192  15:23  Drone  
  192  15:27  Viper  
  196  15:29  Zerg Flyer Weapons Level 1  
  196  15:38  Hydralisk  
  194  15:44  Corruptor  
  196  15:50  Hatchery  
  196  15:52  Queen  
  196  15:56  Extractor  
  196  16:01  Viper  
  199  16:04  Extractor  
  199  16:06  Evolution Chamber x2  
  199  16:07  Pneumatized Carapace  
  199  16:09  Overseer  
  196  16:21  Hydralisk, Zergling x2  
  199  16:32  Hatchery  
  193  16:56  Hydralisk x3  
  193  16:59  Zerg Ground Armor Level 3  
  197  17:26  Hydralisk x4  
  199  17:42  Overlord  
  199  17:48  Zerg Missile Weapons Level 3  
  199  17:51  Corruptor  
  195  18:04  Corruptor x6  
  195  18:05  Corruptor x2  
  184  18:09  Drone x3  
  184  18:10  Drone x6, Corruptor  
  184  18:11  Corruptor x2  
  187  18:13  Viper x2  
  193  18:22  Overlord  
  193  18:30  Corruptor  
  193  18:32  Overlord  
  193  18:33  Extractor  
  194  18:38  Extractor  
  185  18:54  Hydralisk x6  
  185  18:55  Hydralisk  
  199  19:01  Hydralisk x3  
  199  19:02  Zergling x8  
  192  19:03  Hydralisk x3  
  192  19:04  Zergling x10  
  192  19:06  Hydralisk x2  
  192  19:07  Zergling x6  
  192  19:08  Hydralisk  
  192  19:09  Zergling x2  
  170  19:10  Zergling x2  
  170  19:12  Zergling x2  
  160  19:22  Hydralisk x3  
  160  19:23  Zergling x6  
  156  19:25  Hydralisk  
  144  19:32  Viper  
  144  19:33  Viper  
  144  19:34  Hydralisk  
  151  19:39  Hydralisk  
  151  19:44  Hydralisk  
  151  19:45  Hydralisk  
  141  19:53  Hydralisk  
  141  19:54  Hydralisk  
  136  20:11  Hydralisk x5  
Show
View Real Time Build Order
Export as new Build Order

SpeCial Terran 

Build Orders: Gas First Reaper Expand, Liberator Opening, Reaper Expand, Mech 

Get SALT Encoding   

  12  0:01  SCV  
  13  0:13  SCV  
  14  0:17  Supply Depot  
  14  0:25  SCV  
  14  0:28  Refinery  
  15  0:39  SCV  
  16  0:44  Barracks  
  16  0:51  SCV  
  17  1:03  SCV  
  18  1:15  SCV  
  19  1:32  Orbital Command, Reaper  
  20  1:43  Command Center  
  20  1:53  Factory  
  20  1:58  SCV  
  22  2:12  Supply Depot  
  22  2:13  SCV  
  23  2:18  Barracks Reactor  
  23  2:20  Refinery  
  22  2:25  SCV  
  23  2:37  SCV  
  24  2:49  SCV  
  25  2:54  Starport  
  25  2:56  Orbital Command  
  25  3:00  Hellion x2  
  25  3:01  SCV  
  25  3:04  Marine  
  31  3:13  SCV  
  32  3:22  SCV, Hellion x2  
  32  3:25  SCV  
  38  3:31  Medivac  
  38  3:32  Supply Depot  
  40  3:36  Barracks Tech Lab  
  40  3:37  SCV x2  
  42  3:43  Hellion x2  
  42  3:46  Liberator  
  46  3:54  SCV x2  
  46  3:55  Supply Depot  
  48  4:06  SCV x2  
  53  4:15  Armory  
  57  4:17  Hellion x2  
  57  4:18  SCV  
  57  4:20  SCV, Supply Depot  
  59  4:30  SCV  
  60  4:32  SCV  
  61  4:40  Hellion  
  61  4:42  Hellion  
  61  4:43  SCV  
  61  4:44  SCV  
  66  4:58  SCV x2  
  68  5:03  Hellion  
  68  5:06  Command Center  
  70  5:09  Supply Depot  
  70  5:13  Terran Vehicle Weapons Level 1, Supply Depot  
  70  5:15  SCV, Hellion  
  67  5:24  SCV  
  67  5:26  Liberator  
  67  5:28  Hellion  
  68  5:30  Barracks Reactor  
  68  5:33  SCV, Factory  
  64  5:36  SCV  
  64  5:40  Hellion  
  63  5:45  SCV  
  63  5:48  SCV  
  63  5:49  Refinery x2, Hellion  
  66  5:57  Supply Depot  
  66  5:59  SCV  
  66  6:01  SCV  
  68  6:07  Hellion  
  68  6:10  Hellion  
  72  6:11  SCV  
  72  6:13  SCV  
  74  6:18  Orbital Command  
  74  6:23  SCV  
  74  6:24  Cyclone x2  
  74  6:25  SCV  
  82  6:28  Cyclone  
  82  6:32  Cyclone  
  88  6:35  SCV  
  88  6:39  SCV  
  90  6:41  Refinery, Supply Depot  
  90  6:44  Refinery  
  90  6:47  SCV x2  
  90  6:51  SCV  
  93  6:56  Cyclone, Hellion  
  93  6:59  SCV, Factory x2  
  93  7:00  SCV, Hellion  
  102  7:01  Factory  
  102  7:03  SCV  
  102  7:04  Hellion  
  105  7:10  Terran Vehicle Weapons Level 2  
  105  7:11  SCV  
  105  7:12  SCV, Supply Depot  
  107  7:15  SCV  
  107  7:18  Hellion  
  107  7:22  Hellion  
  111  7:23  SCV  
  111  7:24  SCV  
  111  7:25  Hellion  
  111  7:28  Hellion  
  111  7:29  Supply Depot  
  111  7:30  SCV  
  111  7:35  SCV  
  111  7:36  SCV  
  111  7:39  Hellion  
  111  7:42  SCV  
  111  7:43  Hellion  
  112  7:45  Siege Tank, Factory Tech Lab  
  112  7:46  Factory Tech Lab  
  112  7:47  SCV, Hellion  
  112  7:48  SCV  
  113  7:54  SCV  
  113  7:56  Liberator  
  113  7:57  Hellion  
  110  8:00  SCV x2  
  110  8:01  Hellion  
  106  8:06  SCV  
  106  8:09  Siege Tank  
  106  8:10  Siege Tank, Hellion x2  
  106  8:12  SCV x2, Starport Reactor  
  111  8:17  Siege Tank  
  111  8:18  SCV  
  115  8:24  SCV x2  
  115  8:25  Barracks Tech Lab  
  115  8:26  Ghost Academy  
  117  8:30  SCV, Supply Depot  
  117  8:31  Hellion, Supply Depot  
  117  8:32  Hellion x3  
  126  8:36  SCV x2  
  128  8:42  SCV  
  128  8:45  Liberator  
  127  8:50  Siege Tank x2  
  127  8:52  Hellion  
  127  8:53  Hellion x3  
  141  8:57  Ghost  
  146  9:06  Supply Depot  
  146  9:12  Hellion  
  146  9:14  Hellion  
  146  9:16  Command Center  
  144  9:22  Siege Tank  
  143  9:25  Hellion x3  
  143  9:27  Ghost, Siege Tank  
  143  9:30  Supply Depot x2  
  154  9:33  Siege Tank, Terran Vehicle And Ship Armor Level 1  
  157  9:51  SCV x2, Hellion x2  
  157  9:52  SCV, Hellion x2  
  168  9:55  Siege Tank  
  173  10:00  Hellion  
  173  10:05  Ghost, Siege Tank  
  178  10:09  Supply Depot  
  178  10:10  Command Center, Supply Depot  
  178  10:21  Infernal Pre-Igniter  
  175  10:23  Hellion  
  175  10:24  SCV x2, Hellion  
  175  10:25  SCV  
  168  10:31  SCV  
  159  10:37  SCV  
  159  10:38  Liberator  
  159  10:49  Engineering Bay  
  151  10:51  Hellion x2  
  151  10:52  Hellion x2  
  159  10:58  SCV, Siege Tank x2  
  159  10:59  SCV x2  
  159  11:02  Siege Tank  
  168  11:06  SCV  
  169  11:16  Ghost  
  169  11:21  Hellion x3  
  169  11:22  SCV x2  
  169  11:23  SCV  
  178  11:32  Terran Vehicle And Ship Armor Level 2  
  178  11:35  Thor x2  
  178  11:39  SCV x3  
  173  11:42  Thor  
  173  11:45  Ghost  
  173  11:46  Missile Turret  
  173  11:52  SCV  
  171  11:55  Hellion x11  
  171  11:59  Planetary Fortress  
  168  12:02  Missile Turret  
  168  12:05  SCV x3  
  168  12:07  Missile Turret  
  168  12:12  Hellion x3  
  168  12:15  Hellion  
  173  12:20  SCV x2  
  168  12:26  Liberator  
  168  12:29  SCV  
  169  12:32  SCV, Siege Tank x2  
  169  12:33  Hellion x2  
  169  12:34  SCV  
  181  12:41  SCV  
  182  12:44  SCV, Missile Turret  
  182  12:45  SCV  
  182  12:49  SCV  
  185  12:53  SCV  
  185  12:54  Siege Tank  
  187  13:04  Supply Depot  
  176  13:13  Siege Tank x2, Hellion x2  
  182  13:21  SCV x3  
  182  13:23  Refinery  
  182  13:24  Refinery, Sensor Tower  
  182  13:25  Refinery, Command Center  
  185  13:28  Starport  
  185  13:29  Starport  
  185  13:32  Ghost  
  185  13:33  Missile Turret  
  180  13:46  Hellion x7  
  180  13:47  Thor  
  180  13:48  Hellion x4  
  171  13:51  Hellion  
  171  13:53  Hellion  
  164  13:57  Missile Turret  
  157  14:09  Hellion x2  
  159  14:11  Viking x2  
  159  14:13  Viking  
  159  14:15  SCV x2  
  159  14:16  SCV  
  164  14:30  Hellion x2  
  164  14:37  SCV, Hellion x2  
  166  14:41  Viking x2  
  166  14:43  Viking  
  156  14:52  Supply Depot  
  154  14:55  Orbital Command  
  154  15:11  Viking x2  
  154  15:13  Viking  
  160  15:30  Missile Turret  
  157  15:41  Hellion x4, Viking x2  
  161  15:43  Viking  
  161  15:49  Supply Depot  
  163  15:58  Orbital Command  
  171  16:11  SCV, Siege Tank, Hellion x2  
  171  16:15  Refinery  
  171  16:25  Supply Depot  
  171  16:26  Supply Depot  
  171  16:36  Refinery  
  171  16:40  Refinery  
  171  16:44  Planetary Fortress  
  171  16:46  Siege Tank x2, Hellion  
  179  16:48  Hellion x3  
  187  16:57  Starport Reactor  
  187  17:00  Starport Reactor x2  
  183  17:05  Hellion  
  185  17:08  Missile Turret  
  185  17:09  Refinery  
  185  17:18  Hellion  
  186  17:26  Siege Tank, Terran Ship Weapons Level 1  
  185  17:31  Smart Servos  
  185  17:33  Hellion  
  187  17:45  Hellion  
  187  17:46  Hellion  
  187  17:48  Hellion  
  182  17:51  Thor  
  182  17:53  Supply Depot x2  
  182  17:54  Supply Depot  
  177  18:01  Orbital Command  
  167  18:08  Viking x4  
  167  18:09  Factory Tech Lab, Viking  
  167  18:11  Hellion  
  175  18:22  Factory  
  175  18:24  Hellion x3  
  181  18:32  Viking  
  181  18:34  Siege Tank  
  181  18:38  Viking  
  171  18:56  Viking x2  
  166  19:06  Siege Tank  
  166  19:08  Siege Tank, Hellion x3  
  144  19:10  Viking x2  
  144  19:13  Viking x2  
  150  19:20  Hellion x2  
  152  19:33  Viking  
  152  19:36  Viking  
  156  19:38  Siege Tank  
  156  19:41  Hellion  
  118  19:56  Orbital Command  
  118  19:58  Orbital Command  
  105  20:09  Viking  
  105  20:10  Viking  
Tags
 
Add a new tag
Caveats
  • Supply blocks, unpowered buildings, or Contaminate may cause inaccurate times.
  • Supply counts are checked every 10 seconds.